 Dungeon Crawl Stone Soup version 0.29.0-4-gdea44cf6ec (webtiles) character file.

Game seed: 1176835603851088898

0 qw the Sneak (level 1, 0/14 HPs)
             Began as a Gargoyle Delver on Sept 10, 2022.
             Slain by an adder (3 damage)
             ... on level 5 of the Dungeon.
             The game lasted 00:00:02 (38 turns).

qw the Sneak (Gargoyle Delver)                        Turns: 38, Time: 00:00:03

Health: 0/14       AC:  5    Str: 15    XL:     1   Next: 0%
Magic:  1/1        EV: 11    Int: 10    God:
Gold:   0          SH:  0    Dex: 11    Spells: 0/0 levels left

rFire   . . .      SeeInvis .   a - +0 hand axe
rCold   . . .      Faith    .   (no shield)
rNeg    + . .      Spirit   .   b - +0 leather armour
rPois   inf        Reflect  .   (no helmet)
rElec   +          Harm     .   (no cloak)
rCorr   .          Rampage  .   (no gloves)
Will    .....                   (no boots)
Stlth   +++.......              (no amulet)
HPRegen 0.04/turn               (no ring)
MPRegen 0.07/turn               (no ring)

@: marked
A: sickness immunity, AC +2, negative energy resistance 1, electricity
resistance, torment resistance 1, petrification resistance
a: no special abilities


You were on level 5 of the Dungeon.
You visited 1 branch of the dungeon, and saw 1 of its levels.


Innate Abilities, Weirdness & Mutations

You are immune to sickness and miasma.
Your stone body is resilient. (AC +2)
You are immune to poison.
You resist negative energy. (rN+)
You are resistant to electric shocks. (rElec)
You are resistant to unholy torment.
You are immune to petrification.


   Skills:
 - Level 3.2 Fighting
 + Level 1.7 Axes
 - Level 1.5 Dodging
 - Level 5.4 Stealth


You couldn't memorise any spells.
You didn't know any spells.
Your spell library was empty.

Inventory:

Hand Weapons
 a - a +0 hand axe (weapon)
Armour
 b - a +0 leather armour (worn)
Wands
 g - a wand of digging (3)
Scrolls
 c - a scroll of fog
 d - a scroll of magic mapping
 e - a scroll of fear
Potions
 f - a potion of haste

Dungeon Overview and Level Annotations

Branches:
Dungeon (5/15)
 Temple: D:4-7

Altars:


Message History

You miss the adder. The adder closely misses you. The adder bites you.
You closely miss the adder. The adder bites you but does no damage.
A quokka comes into view.
You miss the adder.
The adder bites you but does no damage. x2
You closely miss the adder. The adder barely misses you.
You hit the adder.
The adder is heavily wounded.
The adder bites you but does no damage. The adder barely misses you.
You closely miss the adder.
The adder is heavily wounded.
The adder barely misses you.
A gnoll comes into view. It is wielding a +0 whip.
The adder bites you.
You barely miss the adder.
The adder is heavily wounded.
You hit the quokka. The quokka closely misses you.
The adder closely misses you.
You barely miss the adder.
The adder is heavily wounded.
You hit the quokka but do no damage. The adder barely misses you.
The quokka misses you.
An ogre comes into view. It is wielding a +0 giant club.
The adder bites you. The quokka bites you.
You hit the adder but do no damage.
The adder is heavily wounded.
You miss the quokka.
A gnoll comes into view. It is wielding a +0 halberd.
The adder bites you. The quokka bites you.
A gnoll bouda comes into view. It is wielding a +2 vampiric whip.
A gnoll comes into view. It is wielding a +0 whip.
A gnoll comes into view. It is wielding a +0 flail.
You barely miss the adder.
The adder is heavily wounded.
You barely miss the quokka. The adder bites you.
You die...

########
.......
#.$....
#.....#
g##.....#####
..O.........#
....g..S....#
#r@##..+
#####..##..#
....g....#..#
..gg.....'/.#
##..##+###..#
##..##..##..#
............+
#...........#
#.......#####


You could see an ogre, a gnoll bouda, 4 gnolls, an adder and a quokka.

Vanquished Creatures (others)
  3 plants (D:5)
3 creatures vanquished.

Notes
Turn   | Place    | Note
-------+----------+-------------------------------------------
     0 | D:5      | qw the Gargoyle Delver began the quest for the Orb.
     0 | D:5      | Reached XP level 1. HP: 14/14 MP: 1/1
     0 | D:5      | 0 ||| qw: Version: 0.1-a-116-g5d60599
     0 | D:5      | 0 ||| qw: Game counter: 9280
     0 | D:5      | 0 ||| qw: Always use a shield: true
     0 | D:5      | 0 ||| qw: God list: Okawaru
     0 | D:5      | 0 ||| qw: Allow faded altars: false
     0 | D:5      | 0 ||| qw: Do Orc after D:15 true
     0 | D:5      | 0 ||| qw: Do second Lair branch before Depths: true
     0 | D:5      | 0 ||| qw: Lair rune preference: random
     0 | D:5      | 0 ||| qw: Plans: Normal
     0 | D:5      | 0 ||| PLANNING D:1-11
    36 | D:5      | Noticed an ogre
    37 | D:5      | HP: 3/14 [quokka (2)]
    37 | D:5      | Noticed a gnoll bouda
    38 | D:5      | Slain by an adder

Levels and vault maps discovered:
D:5:      layout_gridville, grunt_temple_overflow_champion_of_chaos,
          mainiacjoe_overflow_big_doors, lightli_sewer_entry_pipes,
          minmay_misc_feat_columns, serial_bayou_ford_a

Action                   || total
-------------------------++-------
Melee: Hand axe          ||    10
Armor: Leather armour    ||     4
Dodge: Dodged            ||     8

Table legend:
 A = Non-vault XP
 B = Vault XP
 C = Vault XP percentage of total XP
 D = Non-vault monster count
 E = Vault monster count
 F = Vault count percentage of total count
                 A         B        C        D         E       F
            +---------+---------+-------+---------+---------+-------
      Total |       0 |       0 |   N/A |       0 |       0 |  -nan
            +---------+---------+-------+---------+---------+-------
            +---------+---------+-------+---------+---------+-------
